TOP OF THE 1ST |
Jasper Cougars batting - Pitching for Chula Vista Tacos : LHP José Hernando
|
Pitching: LHP José Hernando
|
|
Batting: RHB Juan Carlos
|
0-0: Ball 1-0: Ball 2-0: Ball 3-0: Foul Ball, location: 2F 3-1: Fly out, F4 (Popup, 4D)
|
Batting: SHB Michael Miller
|
0-0: Called Strike 0-1: Ball 1-1: Fly out, F7 (Flyball, 78M)
|
Batting: LHB Jon Rogers
|
0-0: Ball 1-0: Ball 2-0: Ball 3-0: Called Strike 3-1: Base on Balls
|
Batting: RHB Bob Cole
|
0-0: Ball 1-0: Ball 2-0: SINGLE (Groundball, 6MD) Jon Rogers to second Runner from 2nd tries for 3rd, SAFE, no throw
|
Batting: LHB John Stone
|
0-0: Ball 1-0: Ground out 4-3 (Groundball, 34)
|
Top of the 1st over - 0 run(s), 1 hit(s), 0 error(s), 2 left on base; Jasper 0 - Chula Vista 0 |
BOTTOM OF THE 1ST |
Chula Vista Tacos batting - Pitching for Jasper Cougars : LHP Martín Marino
|
Pitching: LHP Martín Marino
|
|
Batting: RHB Matt O'Rourke
|
0-0: Ball 1-0: Ball 2-0: Ball 3-0: Swinging Strike 3-1: Base on Balls
|
Batting: RHB Ron Garrett
|
0-0: Grounds into double play, 6-4-3 (Groundball, 56)
|
Batting: LHB Steven Smith
|
0-0: Ball 1-0: Ball 2-0: Called Strike 2-1: Called Strike 2-2: Ball 3-2: Foul Ball, location: 2F 3-2: Foul Ball, location: 2F 3-2: Fly out, F4 (Popup, 4D)
|
Bottom of the 1st over - 0 run(s), 0 hit(s), 0 error(s), 0 left on base; Jasper 0 - Chula Vista 0 |
TOP OF THE 2ND |
Jasper Cougars batting - Pitching for Chula Vista Tacos : LHP José Hernando
|
Batting: LHB Darren Holland
|
0-0: Ball 1-0: Called Strike 1-1: Foul Ball, location: 2F 1-2: Ball 2-2: Ball 3-2: Foul Ball, location: 2F 3-2: Ground out U3 (Groundball, 3)
|
Batting: RHB Charles Lewis
|
0-0: Called Strike 0-1: SINGLE (Line Drive, 34D)
|
Batting: LHB Tony Beck
|
0-0: Called Strike 0-1: Ball 1-1: Called Strike 1-2: SINGLE (Line Drive, 4D) Charles Lewis to second
|
Batting: RHB Scott McGuire
|
0-0: Called Strike 0-1: Ball 1-1: Swinging Strike 1-2: Strikes out swinging
|
Batting: RHB Juan Carlos
|
0-0: Ball 1-0: Ball 2-0: Ball 3-0: Base on Balls Charles Lewis to third Tony Beck to second
|
Batting: SHB Michael Miller
|
0-0: Ball 1-0: Ball 2-0: Ball 3-0: Called Strike 3-1: Foul Ball, location: 2F 3-2: Base on Balls Charles Lewis scores Tony Beck to third Juan Carlos to second
|
Batting: LHB Jon Rogers
|
0-0: Ball 1-0: Ball 2-0: Ball 3-0: Base on Balls Tony Beck scores Juan Carlos to third Michael Miller to second
|
Batting: RHB Bob Cole
|
0-0: Ball 1-0: Hit by Pitch Juan Carlos scores Michael Miller to third Jon Rogers to second
|
Batting: LHB John Stone
|
0-0: Called Strike 0-1: Foul Ball, location: 2F 0-2: Fly out, F7 (Flyball, 7S)
|
Top of the 2nd over - 3 run(s), 2 hit(s), 0 error(s), 3 left on base; Jasper 3 - Chula Vista 0 |
BOTTOM OF THE 2ND |
Chula Vista Tacos batting - Pitching for Jasper Cougars : LHP Martín Marino
|
Batting: LHB Nick Hill
|
0-0: Ball 1-0: SINGLE (Groundball, 56D)
|
Batting: RHB Juan Morales
|
0-0: Grounds into double play, 6-4-3 (Groundball, 6)
|
Batting: LHB Roderick Delgado
|
0-0: Ground out 6-3 (Groundball, 6M)
|
Bottom of the 2nd over - 0 run(s), 1 hit(s), 0 error(s), 0 left on base; Jasper 3 - Chula Vista 0 |
TOP OF THE 3RD |
Jasper Cougars batting - Pitching for Chula Vista Tacos : LHP José Hernando
|
Batting: LHB Darren Holland
|
0-0: SINGLE (Groundball, 34D)
|
Batting: RHB Charles Lewis
|
0-0: Fly out, F7 (Flyball, 78M)
|
Batting: LHB Tony Beck
|
0-0: Called Strike 0-1: Ball 1-1: Ball 2-1: Ball 3-1: Grounds into double play, 1-6-3 (Groundball, 13)
|
Top of the 3rd over - 0 run(s), 1 hit(s), 0 error(s), 0 left on base; Jasper 3 - Chula Vista 0 |
BOTTOM OF THE 3RD |
Chula Vista Tacos batting - Pitching for Jasper Cougars : LHP Martín Marino
|
Batting: RHB Domynguos Tabucchi
|
0-0: Foul Ball, location: 2F 0-1: SINGLE (Line Drive, 6MD)
|
Batting: RHB Guillermo Deleón
|
0-0: Ball 1-0: Ball 2-0: Called Strike 2-1: Grounds into double play, 5-4-3 (Groundball, 56)
|
Batting: RHB Preston Wooten
|
0-0: Called Strike 0-1: Fly out, F9 (Line Drive, 9)
|
Bottom of the 3rd over - 0 run(s), 1 hit(s), 0 error(s), 0 left on base; Jasper 3 - Chula Vista 0 |
TOP OF THE 4TH |
Jasper Cougars batting - Pitching for Chula Vista Tacos : LHP José Hernando
|
Batting: RHB Scott McGuire
|
0-0: Ball 1-0: Fly out, F7 (Flyball, 7S)
|
Batting: RHB Juan Carlos
|
0-0: Ball 1-0: Called Strike 1-1: Called Strike 1-2: Strikes out swinging
|
Batting: SHB Michael Miller
|
0-0: Ball 1-0: Called Strike 1-1: Ground out 5-3 (Groundball, 5S)
|
Top of the 4th over - 0 run(s), 0 hit(s), 0 error(s), 0 left on base; Jasper 3 - Chula Vista 0 |
BOTTOM OF THE 4TH |
Chula Vista Tacos batting - Pitching for Jasper Cougars : LHP Martín Marino
|
Batting: RHB Matt O'Rourke
|
0-0: Called Strike 0-1: Fly out, F7 (Flyball, 7)
|
Batting: RHB Ron Garrett
|
0-0: Ground out 4-3 (Groundball, 34)
|
Batting: LHB Steven Smith
|
0-0: Ball 1-0: Ball 2-0: Called Strike 2-1: Called Strike 2-2: Foul Ball, location: 2F 2-2: Ball 3-2: Base on Balls
|
Batting: LHB Nick Hill
|
0-0: Fielders Choice at 2nd, 5-4 (Groundball, 56)
|
Bottom of the 4th over - 0 run(s), 0 hit(s), 0 error(s), 0 left on base; Jasper 3 - Chula Vista 0 |
TOP OF THE 5TH |
Jasper Cougars batting - Pitching for Chula Vista Tacos : LHP José Hernando
|
Batting: LHB Jon Rogers
|
0-0: Ball 1-0: Foul Ball, location: 2F 1-1: Fly out, F7 (Flyball, 7LM)
|
Batting: RHB Bob Cole
|
0-0: Foul Ball, location: 2F 0-1: Foul Ball, location: 2F 0-2: DOUBLE (Line Drive, 7LM)
|
Batting: LHB John Stone
|
0-0: Ball 1-0: Called Strike 1-1: SINGLE (Line Drive, 6MD) Bob Cole to third
|
Batting: LHB Darren Holland
|
0-0: Called Strike 0-1: Foul Ball, location: 2F 0-2: Ball 1-2: Ball 2-2: Ball 3-2: Foul Ball, location: 2F 3-2: Foul Ball, location: 2F 3-2: Fly out, F8 (Flyball, 8LM) Runner from 3rd tags up, SCORES, no throw
|
Pitching: RHP Gerald McClure
|
|
Batting: RHB Charles Lewis
|
0-0: Ball 1-0: Ball 2-0: Fly out, F5 (Line Drive, 56D)
|
Top of the 5th over - 1 run(s), 2 hit(s), 0 error(s), 1 left on base; Jasper 4 - Chula Vista 0 |
BOTTOM OF THE 5TH |
Chula Vista Tacos batting - Pitching for Jasper Cougars : LHP Martín Marino
|
Batting: RHB Juan Morales
|
0-0: Called Strike 0-1: Fly out, F8 (Line Drive, 89S)
|
Batting: LHB Roderick Delgado
|
0-0: Ball 1-0: Called Strike 1-1: Foul Ball, location: 2F 1-2: Strikes out looking
|
Batting: RHB Domynguos Tabucchi
|
0-0: Called Strike 0-1: Swinging Strike 0-2: Foul Ball, location: 2F 0-2: Ground out 3-1 (Groundball, 34)
|
Bottom of the 5th over - 0 run(s), 0 hit(s), 0 error(s), 0 left on base; Jasper 4 - Chula Vista 0 |
TOP OF THE 6TH |
Jasper Cougars batting - Pitching for Chula Vista Tacos : RHP Gerald McClure
|
Batting: LHB Tony Beck
|
0-0: Called Strike 0-1: Ground out 4-3 (Groundball, 4)
|
Batting: RHB Scott McGuire
|
0-0: Called Strike 0-1: Called Strike 0-2: Ball 1-2: Ball 2-2: Fly out, F8 (Flyball, 8LS)
|
Batting: RHB Juan Carlos
|
0-0: Foul Ball, location: 2F 0-1: Called Strike 0-2: Strikes out swinging
|
Top of the 6th over - 0 run(s), 0 hit(s), 0 error(s), 0 left on base; Jasper 4 - Chula Vista 0 |
BOTTOM OF THE 6TH |
Chula Vista Tacos batting - Pitching for Jasper Cougars : LHP Martín Marino
|
Batting: RHB Guillermo Deleón
|
0-0: Called Strike 0-1: Foul Ball, location: 2F 0-2: Strikes out swinging
|
Batting: RHB Preston Wooten
|
0-0: Ball 1-0: Foul Ball, location: 2F 1-1: Called Strike 1-2: Strikes out swinging
|
Batting: RHB Matt O'Rourke
|
0-0: Foul Ball, location: 2F 0-1: Ball 1-1: Fly out, F6 (Line Drive, 6)
|
Bottom of the 6th over - 0 run(s), 0 hit(s), 0 error(s), 0 left on base; Jasper 4 - Chula Vista 0 |
TOP OF THE 7TH |
Jasper Cougars batting - Pitching for Chula Vista Tacos : RHP Gerald McClure
|
Batting: SHB Michael Miller
|
0-0: Called Strike 0-1: Ball 1-1: Ground out 4-3 (Groundball, 4)
|
Batting: LHB Jon Rogers
|
0-0: Called Strike 0-1: Foul Ball, location: 2F 0-2: Strikes out swinging
|
Batting: RHB Bob Cole
|
0-0: Called Strike 0-1: Ball 1-1: Called Strike 1-2: Foul Ball, location: 2F 1-2: Strikes out swinging
|
Top of the 7th over - 0 run(s), 0 hit(s), 0 error(s), 0 left on base; Jasper 4 - Chula Vista 0 |
BOTTOM OF THE 7TH |
Chula Vista Tacos batting - Pitching for Jasper Cougars : LHP Martín Marino
|
Batting: RHB Ron Garrett
|
0-0: Fly out, F8 (Flyball, 8LS)
|
Batting: LHB Steven Smith
|
0-0: Ball 1-0: Ball 2-0: Ball 3-0: Called Strike 3-1: Base on Balls
|
Batting: LHB Nick Hill
|
0-0: Swinging Strike 0-1: Called Strike 0-2: Ball 1-2: Foul Ball, location: 2F 1-2: Foul Ball, location: 2F 1-2: Ball 2-2: Strikes out swinging
|
Batting: RHB Juan Morales
|
0-0: Called Strike 0-1: Ground out 6-3 (Groundball, 6S)
|
Bottom of the 7th over - 0 run(s), 0 hit(s), 0 error(s), 1 left on base; Jasper 4 - Chula Vista 0 |
TOP OF THE 8TH |
Jasper Cougars batting - Pitching for Chula Vista Tacos : RHP Gerald McClure
|
Batting: LHB John Stone
|
0-0: Ball 1-0: Hit by Pitch
|
Batting: LHB Darren Holland
|
0-0: Called Strike 0-1: Ball 1-1: Sac Bunt - play at first, batter OUT! 1-4 John Stone to second
|
Batting: RHB Charles Lewis
|
Pickoff Throw to Second - Out! 0-0: Called Strike 0-1: Ball 1-1: Fly out, F8 (Flyball, 8LM)
|
Top of the 8th over - 0 run(s), 0 hit(s), 0 error(s), 0 left on base; Jasper 4 - Chula Vista 0 |
BOTTOM OF THE 8TH |
Chula Vista Tacos batting - Pitching for Jasper Cougars : LHP Martín Marino
|
Batting: LHB Roderick Delgado
|
0-0: Called Strike 0-1: Ball 1-1: Hit by Pitch
|
Pinch Runner at 1st Esteban Zamora:
|
|
Batting: RHB Domynguos Tabucchi
|
0-0: Ball 1-0: Ball 2-0: Foul Ball, location: 2F 2-1: Foul Ball, location: 2F 2-2: Foul Ball, location: 2F 2-2: SINGLE (Groundball, 34D) Esteban Zamora to second Runner from 2nd tries for 3rd, SAFE, no throw
|
Batting: RHB Guillermo Deleón
|
0-0: Called Strike 0-1: Ground out 6-3 (Groundball, 6S) Esteban Zamora scores Domynguos Tabucchi to second
|
Batting: RHB Preston Wooten
|
0-0: Ball 1-0: Ball 2-0: Ball 3-0: Base on Balls
|
Pitching: RHP Francisco Pagán
|
|
Batting: RHB Matt O'Rourke
|
0-0: Called Strike 0-1: SINGLE (Line Drive, 56) Domynguos Tabucchi to third Preston Wooten to second Runner from 3rd tries for Home, SAFE, no throw
|
Pitching: LHP Edgardo Reyes
|
|
Batting: RHB Ron Garrett
|
0-0: Ball 1-0: Called Strike 1-1: Swinging Strike 1-2: Ball 2-2: Ball 3-2: Foul Ball, location: 2F 3-2: Base on Balls Preston Wooten to third Matt O'Rourke to second
|
Batting: LHB Steven Smith
|
0-0: Called Strike 0-1: Ball 1-1: Foul Ball, location: 2F 1-2: Strikes out looking
|
Batting: LHB Nick Hill
|
0-0: Foul Ball, location: 2F 0-1: Ball 1-1: Foul Ball, location: 2F 1-2: Strikes out swinging
|
Bottom of the 8th over - 2 run(s), 2 hit(s), 0 error(s), 3 left on base; Jasper 4 - Chula Vista 2 |
TOP OF THE 9TH |
Jasper Cougars batting - Pitching for Chula Vista Tacos : RHP Gerald McClure
|
Now in CF: Esteban Zamora
|
|
Batting: LHB Tony Beck
|
0-0: Ball 1-0: Swinging Strike 1-1: Ball 2-1: Foul Ball, location: 2F 2-2: Ball 3-2: Foul Ball, location: 2F 3-2: SINGLE (Groundball, 34D)
|
Batting: RHB Scott McGuire
|
0-0: Called Strike 0-1: Sac Bunt - play at second, runner OUT! 1-6
|
Batting: RHB Juan Carlos
|
0-0: Ball 1-0: Ball 2-0: Foul Ball, location: 2F 2-1: Ball 3-1: Grounds into double play, 1-6-3 (Groundball, P)
|
Top of the 9th over - 0 run(s), 1 hit(s), 0 error(s), 0 left on base; Jasper 4 - Chula Vista 2 |
BOTTOM OF THE 9TH |
Chula Vista Tacos batting - Pitching for Jasper Cougars : LHP Edgardo Reyes
|
Pitching: LHP Teuk-chin Kim
|
|
Batting: RHB Juan Morales
|
0-0: Foul Ball, location: 2F 0-1: Ball 1-1: SINGLE (Line Drive, 8RS)
|
Pinch Hitting: RHB Nate Atkinson
|
0-0: Called Strike 0-1: Foul Ball, location: 2F 0-2: Strikes out swinging
|
Pinch Hitting: RHB Jake Lawrence
|
0-0: Ball 1-0: Ball 2-0: Foul Ball, location: 2F 2-1: Ball 3-1: Called Strike 3-2: Foul Ball, location: 2F 3-2: Base on Balls Juan Morales to second
|
Pinch Hitting: SHB Tony Varela
|
0-0: Ball 1-0: Ball 2-0: Called Strike 2-1: Fielders Choice at 2nd, 5-4 (Groundball, 5) Juan Morales to third
|
Batting: RHB Preston Wooten
|
0-0: Ball 1-0: Called Strike 1-1: Foul Ball, location: 2F 1-2: Ball 2-2: Strikes out swinging
|
Bottom of the 9th over - 0 run(s), 1 hit(s), 0 error(s), 2 left on base; Jasper 4 - Chula Vista 2 |
|